 Dungeon Crawl Stone Soup version 0.31-a0-496-g6f97920a28 (webtiles) character file.

Game seed: 4378584654770609842

653 Imperners the Poker (level 8, -1/70 HPs)
             Began as a Meteoran Cinder Acolyte on Aug 7, 2023.
             Was an Initiate of Ignis.
             Succumbed to a water moccasin's poison
             ... on level 1 of the Lair of Beasts on Aug 8, 2023.
             The game lasted 00:09:06 (615 turns).

Imperners the Poker (Meteoran Cinder Acolyte)        Turns: 615, Time: 00:09:07

Health: -1/70      AC:  2    Str: 17    XL:     8   Next: 10%
Magic:  11/11      EV: 12    Int: 16    God:    Ignis [......]
Gold:   23         SH:  0    Dex: 10    Spells: 10/10 levels left

rFire   + . .        a - -1 spear (flame)
rCold   . . .        (no shield)
rNeg    . . .        b - +0 robe
rPois   .            (no helmet)
rElec   .            (no cloak)
rCorr   .            (no gloves)
SInv    .            (no boots)
Will    +....        (no amulet)
Stlth   +            (no ring)
HPRegen 0.31/turn    (no ring)
MPRegen 0.12/turn

%: no passive effects
@: lethally poisoned (-1 -> -22), glowing
A: sense surroundings 1, otherworldly, glowing, explore regen
a: Renounce Religion, Rising Flame


You were on level 1 of the Lair of Beasts.
You worshipped Ignis.
Ignis was noncommittal.
You visited 2 branches of the dungeon, and saw 9 of its levels.

You collected 23 gold pieces.

Inventory:

Hand Weapons
 a - a -1 spear of flaming (weapon)
 d - a +0 sling
 g - a +0 mace
 i - a +0 spear
 m - a +0 orcbow
Missiles
 f - a throwing net
 l - 4 poisoned darts
Armour
 b - a +0 robe (worn)
Magical Staves
 c - a staff of conjuration
Wands
 k - a wand of roots (9)
Scrolls
 h - a scroll of fog {unknown}
Potions
 e - a potion of curing {unknown}
 j - a potion of heal wounds {unknown}


   Skills:
 + Level 6.1 Fighting
 + Level 6.8 Polearms
 + Level 2.0 Dodging
 + Level 0.1 Stealth
 + Level 1.5 Spellcasting
 + Level 5.6 Fire Magic


You had 10 spell levels left.
You didn't know any spells.
Your spell library contained the following spells:

 Spells                   Type           Power      Damage    Failure   Level
 Scorch                   Fire           38%        2d6       3%          2


Dungeon Overview and Level Annotations

Branches:
Dungeon (8/15) Zot: 4211     Lair (1/5) D:8 Zot: 587
 Temple: D:4-7

Altars:


Innate Abilities, Weirdness & Mutations

You passively map a small area around you.
You are easily found by Zot.
You glow in the dark.
You regain HP and MP as you explore.


Message History

You hit the water moccasin. You burn the water moccasin.
Your punch misses the water moccasin.
The water moccasin is severely wounded.
You feel very sick. The water moccasin bites you!
You are more poisoned.
The water moccasin poisons you!
You hit the water moccasin. You burn the water moccasin.
The water moccasin is severely wounded.
You feel very sick. The water moccasin misses you.
You closely miss the water moccasin. You punch the water moccasin.
The water moccasin is almost dead.
You feel very sick.
The water moccasin completely misses you.
You hit the water moccasin but do no damage.
The water moccasin is almost dead.
You feel very sick. The water moccasin barely misses you.
You closely miss the water moccasin.
The water moccasin is almost dead.
You feel very sick. The water moccasin bites you.
* * * LOW HITPOINT WARNING * * *
You are lethally poisoned!
The water moccasin poisons you!
You closely miss the water moccasin.
The water moccasin is almost dead.
* * * LOW HITPOINT WARNING * * *
You feel very sick. The water moccasin bites you.
* * * LOW HITPOINT WARNING * * *
You miss the water moccasin.
The water moccasin is almost dead.
* * * LOW HITPOINT WARNING * * *
You feel very sick. The water moccasin misses you.
You barely miss the water moccasin.
The water moccasin is almost dead.
You die...

* , , #..
, #.# ,
#.# ** ,
#.# , #.#
###.##
#####P.S.#
*
.......@#
#####.#.#
# #<# #.#
* ..# ,
##.# #.#
#.# *#.#


You could see a water moccasin.

Vanquished Creatures
  An ice beast (D:6)
  A centaur (D:8)
  A scorpion (D:5)
  6 killer bees (D:8)
  3 hounds (D:5)
  A gnoll bouda (D:5)
  4 gnolls (D:5)
  An adder (D:2)
  A bat (D:2)
  A hobgoblin (D:2)
  3 frilled lizards
23 creatures vanquished.

Vanquished Creatures (others)
  87 foxfires
87 creatures vanquished.

Grand Total: 110 creatures vanquished

Notes
Turn   | Place    | Note
-------+----------+-------------------------------------------
     0 | D:1      | Imperners the Meteoran Cinder Acolyte began the quest for
                  | the Orb.
     0 | D:1      | Reached XP level 1. HP: 19/19 MP: 3/3
     0 | D:1      | Upgraded the game from 0.31-a0-486-g8d68a81214 to
                  | 0.31-a0-496-g6f97920a28
    18 | D:2      | Reached XP level 2. HP: 27/27 MP: 5/5
   102 | D:5      | Entered Level 5 of the Dungeon
   129 | D:5      | Noticed a scorpion
   148 | D:5      | Killed a scorpion
   149 | D:5      | Reached XP level 3. HP: 10/33 MP: 6/6
   149 | D:5      | Reached XP level 4. HP: 12/40 MP: 7/7
   176 | D:5      | Reached XP level 5. HP: 36/46 MP: 8/8
   177 | D:5      | Reached skill level 5 in Polearms
   196 | D:5      | Reached skill level 1 in Dodging
   353 | D:5      | Reached XP level 6. HP: 48/52 MP: 9/9
   449 | D:6      | Noticed an ice beast
   462 | D:6      | Killed an ice beast
   463 | D:6      | Reached skill level 5 in Fighting
   463 | D:6      | Reached XP level 7. HP: 61/61 MP: 10/10
   573 | D:8      | Reached skill level 5 in Fire Magic
   580 | D:8      | Reached XP level 8. HP: 50/70 MP: 11/11
   590 | D:8      | Found a staircase to the Lair.
   599 | Lair:1   | Entered Level 1 of the Lair of Beasts
   614 | Lair:1   | HP: 3/70 [poisoned by a water moccasin]
   615 | Lair:1   | Succumbed to a water moccasin's poison

Illustrated notes

Levels and vault maps discovered:
D:1:      minmay_arrival_five_plusses, layout_rooms, nicolae_eternal_life
D:2:      minmay_wonky_spiral, layout_loops_ring, reono_crystal_passage,
          minmay_tetromino_i2
D:3:      layout_basic, serial_glass, glass_columns_a, glass_columns_b,
          ebering_ecumenical_altar_sacrificial
D:4:      layout_basic, xom_confusion_cloud, gammafunk_ghost_icy,
          nicolae_nh_ransacked_shop, uniq_duvessa
D:5:      layout_layer_cave, chequers_garden, kennysheep_small_spiral
D:6:      layout_basic, chequers_temple_overflow_statue_of_worship,
          minmay_temple_entry_offerings, feat_on_display
D:7:      layout_basic, mainiacjoe_overflow_alcove_2
D:8:      layout_basic, lair_entry_dummy
Lair:1:   layout_long_grid, nicolae_quartered_pool_impasse, serial_bayou_pond_d,
          wad_woods_road_05, lemuel_fruit_tree

Skill      XL: |  1  2  3  4  5  6  7 |
---------------+----------------------+-----
Fighting       | 4 5 6 |  6.1
Polearms       | 4 5 6 |  6.8
Fire Magic     | 4 5 |  5.6
Dodging        | 1 2 |  2.0
Stealth        | |  0.1
Spellcasting   | |  1.5

Action                     |  1- 3 |  4- 6 |  7- 9 || total
---------------------------+-------+-------+-------++-------
  Melee: Spear             |    14 |    31 |    18 ||    63
         Punch             |       |     1 |     1 ||     2
 Invoke: Foxfire Swarm     |     3 |     2 |     1 ||     6
         Fiery Armour      |     1 |     2 |       ||     3
 Armour: Robe              |    10 |    18 |     5 ||    33
  Dodge: Dodged            |     6 |    18 |    13 ||    37

Table legend: (Time is in decaauts)
 A = Elapsed time spent in this place.
 B = Non-inter-level travel time spent in this place.
 C = Inter-level travel time spent in this place.
 D = Time resting spent in this place.
 E = Time spent auto-exploring this place.
 F = Levels seen in this place.
 G = Mean time per level.
                   A        B        C        D        E       F      G
               +--------+--------+--------+--------+--------+-----+--------+
         Total |    600 |    159 |    441 |      0 |      4 |   9 |   66.7 |
       Dungeon |    588 |    147 |    441 |      0 |      4 |   8 |   73.5 |
          Lair |     12 |     12 |      0 |      0 |      0 |   1 |   12.0 |
               +--------+--------+--------+--------+--------+-----+--------+

Top non-repeatable levels by time:
     D:5: 335 daAuts
     D:6: 61 daAuts
     D:7: 59 daAuts
     D:2: 53 daAuts
     D:8: 32 daAuts
     D:4: 16 daAuts
     D:3: 16 daAuts
     D:1: 13 daAuts
  Lair:1: 12 daAuts
